cohdb
Replays
Latest Replays
All Replays
Popular Replays
Top Player Replays
Match Explorer
How It Works
Community
CoH3 Stats
Reddit
Sign in to upload your games and track your stats! →
Sign in with Steam
Match 41570256
Unlisted
Match 41570256
Overview
Messages
Build Orders
End
Construct Infanterie Kompanie
Selects Terror Battlegroup
Selects Machine Gun Camouflage
MG 42 Machine Gun Team
Grenadier Squad
Grenadier Squad
MG 42 Machine Gun Team
Construct Luftwaffe Kompanie
Jäger Squad
Support Elements
Wirbelwind Flakpanzer
Selects No Quarter
Marder III M Tank Destroyer
Nuclear Viking
Ares
你的血...被扣掉了..呵呵
Доминик Декоко
Prorenzo
prestory3
Konstantin
TEA OR STH STRONGER
0
0
Comments
sign in to comment!
No comments posted yet!